Unix NetHack Version 5.0.0-0 post-release - last build May 17 2026 04:57:42 (dc50c8380fa5e20985bfe3072449f57b8d9895ef,branch:main).

Game began 2026-05-17 09:07:10, ended 2026-05-17 09:12:33.

GdeVolpiano, lawful male human Archeologist

                                              ---------------            -----
                                           ###.......*......|############-...|
                                           #  |.............|#      ##   |...|
                                           #  |.)..........{|#           ..<.|
   +                                 #######  |.............|#           -+-|-
   ###           -----               #        -----------.---##             #
   #####         |>..|               #                 ########             #
     # #         |....#######)###[###########################               #
     # ###       |...|      #       #                #                    ###
    -.---.-   ###.....    ----------#              ###                    #
    |.....|   #  -----    |.........###            #                   ---.---
    |.....|   #           +....{...|# #           ##                   |.....|
    |.....%#@k#           |........-  #         --.---------           |.....|
    |>....|       ########.........|  #         |..........|           |.....|
    |.....-####)###       |.........#########   |..........|        ###......|
    -------               ----------  ######    |..........|   ######  |.....|
                                           #0   |...........####       |.....|
                                            ####...........|           -------
                                                ------------

GdeVolpiano the Field Worker  St:11 Dx:8 Co:14 In:16 Wi:15 Ch:12  Lawful
Dlvl:2  $:12 HP:0(36) Pw:21(21) AC:9  Xp:4 T:1128  Hungry  

Latest messages:
 The gecko bites!
 You kill the gecko!
 You see here a gecko corpse.
 There is a gecko corpse here; eat it? [ynq] (n)
 This gecko corpse is fatty.
 You finish eating the gecko corpse.
 You kill the goblin!
 There is a goblin corpse here; eat it? [ynq] (n)
 Blecch!  Rotten food!
 You finish eating the goblin corpse.
 x - a figurine of a raven.
 You hear water falling on coins.
 What do you want to use or apply? [ae-ipx or ?*]
 In what direction?
 You set the figurine beside you and it transforms.
 You hit the raven.
 The raven bites!
 The raven blinds you!
 It bites!
 You hit it.
 It bites!
 It bites!
 You hit it.
 It bites!
 It bites!
 You kill it!
 You try to feel what is lying here on the floor.
 You feel here a raven corpse.
 There is a raven corpse here; eat it? [ynq] (n)
 This raven corpse is gamey.
 You finish eating the raven corpse.
 You hear a door open.
 You can see again.
 You are beginning to feel hungry.
 You stop searching.
 Where do you want to travel to?
 (For instructions type a '?')
 The kobold lord hits!
 You hear someone cursing shoplifters.
 You hit the kobold lord.
 The kobold lord hits!
 You kill the kobold lord!
 Where do you want to travel to?
 (For instructions type a '?')
 You miss the large kobold.
 The large kobold hits!
 You hit the large kobold.
 The large kobold hits!
 You die...
 Do you want your possessions identified? [ynq] (y)

Inventory:
 Coins    ('$')
  $ - 12 gold pieces
 Weapons  (')')
  a - a +2 bullwhip (alternate weapon; not wielded)
 Armor    ('[')
  c - an uncursed +0 fedora (being worn)
  b - a blessed +0 leather jacket (being worn)
 Comestibles  ('%')
  d - 4 uncursed food rations
  s - 2 uncursed lembas wafers
 Scrolls  ('?')
  j - an uncursed scroll of amnesia
  u - an uncursed scroll of magic mapping
  o - an uncursed scroll of scare monster
 Spellbooks  ('+')
  p - an uncursed spellbook of confuse monster
 Potions  ('!')
  n - an uncursed potion of oil
 Tools    ('(')
  h - an empty uncursed sack
  i - a cursed frost horn (0:3)
  e - a +0 pick-axe (weapon in right hand)
  f - a tinning kit (0:74)
 Gems/Stones  ('*')
  t - an uncursed amber stone
  g - an uncursed touchstone

GdeVolpiano the Archeologist's attributes:

Background:
 You were a Field Worker, a level 4 male human Archeologist.
 You were lawful, on a mission for Quetzalcoatl
 who was opposed by Camaxtli (neutral) and Huhetotl (chaotic).
 You were right-handed.
 You were in the Dungeons of Doom, on level 2.
 You entered the dungeon 1128 turns ago.
 There was a new moon in effect when your adventure ended.
 You had 131 experience points, 29 more were needed to attain level 5.

Basics:
 You had 0 out of 36 hit points.
 You had all 21 energy points (spell power).
 Your armor class was 9.
 Your wallet contained 12 zorkmids.
 Autopickup was on for '$?!/="+' plus thrown, with exceptions.

Final Characteristics:
 Your strength was 11 (limit:18/100).
 Your dexterity was 8 (limit:18).
 Your constitution was 14 (limit:18).
 Your intelligence was 16 (limit:18).
 Your wisdom was 15 (limit:18).
 Your charisma was 12 (limit:18).

Final Status:
 You were hungry.
 You were unencumbered.
 You were wielding a pick-axe.
 You had basic skill with pick-axe.

Final Attributes:
 You were devoutly aligned.
 You had automatic searching.
 You were unlucky.
 You are dead.

Miscellaneous:
 You didn't encounter any bones levels.
 Total elapsed playing time was 5 minutes and 21 seconds.

Major events:
 Turn
    1: GdeVolpiano the lawful male human Archeologist entered the dungeon
  652: attained the rank of Field Worker (level 3)
  719: entered the Gnomish Mines
 1128: killed by a large kobold

Spells:
 Name                 Level Category     Fail Retention
 confuse monster        1   enchantment    0%  76%-100%

Skills:
 Fighting Skills
   bare handed combat [Unskilled]
   two weapon combat  [Unskilled]
   riding             [Unskilled]
 Weapon Skills
   dagger             [Unskilled]
   knife              [Unskilled]
   pick-axe           [Basic]
   short sword        [Unskilled]
   saber              [Unskilled]
   club               [Unskilled]
   quarterstaff       [Unskilled]
   sling              [Unskilled]
   dart               [Unskilled]
   boomerang          [Unskilled]
   whip               [Basic]
   unicorn horn       [Unskilled]
 Spellcasting Skills
   attack spells      [Unskilled]
   healing spells     [Unskilled]
   divination spells  [Unskilled]
   matter spells      [Unskilled]

Voluntary challenges:
 Character rerolling was not enabled.
 You never genocided any monsters.
 You never polymorphed an object.
 You never changed form.
 You used no wishes.
Achievements:
 You attained the rank of Field Worker.
 You entered the Gnomish Mines.

 The Dungeons of Doom: levels 1 to 3
    Level 1:
       An altar, a fountain, a sink.
    Level 2: <- You were here.
       Some fountains.
       Stairs down to The Gnomish Mines.
       Final resting place for
          you, killed by a large kobold.
    Level 3:
 The Gnomish Mines:
    Level 3:


Vanquished creatures:
  a raven
  a gnome leader
  a little dog
  a kobold leader
  a hobbit
  4 gnomes
  3 geckos
  a fox
  3 goblins
  2 sewer rats
  6 grid bugs
  2 lichens
  a kobold zombie
  3 newts
30 creatures vanquished.

No species were genocided or became extinct.

Game over:
                       ----------
                      /          \
                     /    REST    \
                    /      IN      \
                   /     PEACE      \
                  /                  \
                  |   GdeVolpiano    |
                  |      12 Au       |
                  |   killed by a    |
                  |   large kobold   |
                  |                  |
                  |                  |
                  |       2026       |
                 *|     *  *  *      | *
        _________)/\\_//(\/(/\)/\//\/|_)_______

Goodbye GdeVolpiano the Archeologist...

You died in The Dungeons of Doom on dungeon level 2 with 635 points,
and 12 pieces of gold, after 1128 moves.
You were level 4 with a maximum of 36 hit points when you died.

